[Event "Titled Tuesday Blitz August 16 Early 2022"]
[White "Goltsev, Dmitry"]
[Black "Daianu, Cristian-Clement"]
[WhiteFideId "24176710"]
[BlackFideId "1208926"]
[WhiteElo "2258"]
[BlackElo "2127"]
[Result "0-1"]
[Round "02"]
[TimeControl "180+2"]
[Date "2022.08.18"]
[WhiteClock "0:00:00"]
[BlackClock "0:00:00"]

1. e4 c5 2. Nf3 d6 3. d4 cxd4 4. Nxd4 Nf6 5. Nc3 a6 6. Be2 e6 7. Be3 Qc7 8. O-O b5 9. a3 Bb7 10. f3 Nbd7 11. Qd2 Be7 12. Rad1 O-O 13. g4 h6 14. h4 d5 15. g5 Qg3+ 16. Kh1 Qxh4+ 17. Kg2 Nh5 18. Rh1 Qg3+ 19. Kf1 dxe4 20. Rxh5 exf3 21. Bd3 Ne5 22. gxh6 g6 23. h7+ Kh8 24. Bf4 Qg2+ 25. Qxg2 fxg2+ 26. Kg1 Nxd3 27. Rxd3 gxh5 28. Be5+ Kxh7 29. Rh3 h4 30. Nce2 Rg8 31. c3 Rg4 32. Nc1 Rd8 33. Nd3 f6 34. Bc7 Rd7 35. Bb8 e5 36. Bxe5 fxe5 37. Nxe5 Rdxd4 38. cxd4 Rxd4 39. Nd3 Rxd3 40. Rxd3 Bc5+ 41. Kh2 g1=Q+ 42. Kh3 Bc8+ 43. Kxh4 Qg4# 0-1


[Site "https://www.chess.com"]

[Event "Titled Tuesday Blitz August 16 Early 2022"]
[White "Goltseva, Ekaterina"]
[Black "Sahil, Tickoo"]
[WhiteFideId "24173770"]
[BlackFideId "5019710"]
[WhiteElo "2086"]
[BlackElo "2047"]
[Result "1-0"]
[Round "02"]
[TimeControl "180+2"]
[Date "2022.08.18"]
[WhiteClock "0:00:00"]
[BlackClock "0:00:00"]

1. d4 d5 2. c4 e6 3. Nc3 Nf6 4. cxd5 exd5 5. Bg5 c6 6. e3 Be7 7. Qc2 h6 8. Bh4 Nbd7 9. Bd3 Nh5 10. Bxe7 Qxe7 11. Nge2 Nb6 12. h3 Be6 13. g4 Nf6 14. O-O-O O-O-O 15. Kb1 Kb8 16. Rc1 Rhe8 17. Ng3 Nfd7 18. f4 f6 19. Rhe1 Nc8 20. Na4 Nd6 21. Qh2 Ka8 22. Rc3 Bg8 23. Ra3 Nb5 24. Bxb5 cxb5 25. Nc5 Nxc5 26. Nf5 Qe4+ 27. Ka1 Na6 28. Nxg7 b4 29. Ra5 Re7 30. Nf5 Rc7 31. Qe2 Rc2 32. Qb5 Rdc8 33. Qf1 Bh7 34. Nd6 Qe6 35. Nxc8 Rxc8 36. Rc1 Be4 37. f5 Qd7 38. a3 bxa3 39. Rxa3 Nb4 40. Rxc8+ Qxc8 41. Rc3 Qd7 42. b3 a6 43. Kb2 Qd8 44. Qe2 Qa5 45. Rc8+ Ka7 46. Kc1 Qa1+ 47. Kd2 Qb2+ 48. Ke1 Qxb3 49. Kf2 Nd3+ 50. Kg3 Qb1 51. Kh4 Qb6 52. Kh5 a5 53. Rg8 a4 54. Rg6 a3 55. h4 Qb2 56. Qd1 Qb4 57. Rxf6 Qa5 58. Qa1 a2 59. Rf7 Nb4 60. f6 Nc2 61. Qb2 a1=Q 62. Qxb7# 1-0


[Site "https://www.chess.com"]

[Event "Titled Tuesday Blitz August 16 Early 2022"]
[White "Gomez Ledo, Roberto Carlos"]
[Black "Rosenberg, Evan S"]
[WhiteFideId "3507076"]
[BlackFideId "2019299"]
[WhiteElo "2379"]
[BlackElo "1999"]
[Result "0-1"]
[Round "02"]
[TimeControl "180+2"]
[Date "2022.08.18"]
[WhiteClock "0:00:00"]
[BlackClock "0:00:00"]

1. d4 Nf6 2. Bf4 b6 3. e3 Bb7 4. a4 a6 5. Nf3 Nh5 6. Bg5 h6 7. Bh4 g5 8. Nfd2 Nf4 9. exf4 gxh4 10. Qh5 e6 11. Nf3 Qf6 12. Qxh4 Be7 13. Qxf6 Bxf6 14. Nbd2 Rg8 15. c3 c5 16. dxc5 bxc5 17. g3 d6 18. Bg2 Nd7 19. O-O Rb8 20. Nc4 Ke7 21. Rfd1 Bd5 22. Nfd2 Bxg2 23. Kxg2 d5 24. Na5 Rxb2 25. Rac1 Rc8 26. c4 Nb6 27. Rb1 Nxa4 28. Nf3 Bc3 29. Nb3 Rb8 30. Rxb2 Nxb2 0-1


[Site "https://www.chess.com"]

[Event "Titled Tuesday Blitz August 16 Early 2022"]
[White "Gonzalez Vega, Alejandro"]
[Black "Turzo, Attila"]
[WhiteFideId "3510042"]
[BlackFideId "704954"]
[WhiteElo "2092"]
[BlackElo "2298"]
[Result "0-1"]
[Round "02"]
[TimeControl "180+2"]
[Date "2022.08.18"]
[WhiteClock "0:00:00"]
[BlackClock "0:00:00"]

1. e4 e5 2. Nf3 Nc6 3. d4 exd4 4. Bc4 Nf6 5. e5 Ne4 6. O-O d5 7. exd6 Nxd6 8. Bd3 Be7 9. Bf4 O-O 10. Nbd2 Bg4 11. h3 Bh5 12. Nb3 Bf6 13. g4 Bg6 14. Bxg6 hxg6 15. Nbxd4 Nxd4 16. Nxd4 Nc4 17. c3 Nxb2 18. Rb1 Nxd1 0-1


[Site "https://www.chess.com"]

[Event "Titled Tuesday Blitz August 16 Early 2022"]
[White "Grot, Blazej"]
[Black "Saveliev, Alexei"]
[WhiteFideId "21835845"]
[BlackFideId "24128546"]
[WhiteElo "1614"]
[BlackElo "2281"]
[Result "1/2-1/2"]
[Round "02"]
[TimeControl "180+2"]
[Date "2022.08.18"]
[WhiteClock "0:00:00"]
[BlackClock "0:00:00"]

1. e4 g6 2. d4 Bg7 3. f4 d6 4. Nf3 Bg4 5. Be3 Nc6 6. c3 Nf6 7. h3 Bxf3 8. Qxf3 O-O 9. Bd3 e5 10. fxe5 dxe5 11. d5 Ne7 12. O-O Ne8 13. Nd2 a5 14. c4 b6 15. b3 Nd6 16. Bg5 f6 17. Be3 Qd7 18. Qe2 f5 19. Bg5 fxe4 20. Nxe4 Nef5 21. Nxd6 cxd6 22. Qe4 Nd4 23. Be3 Rxf1+ 24. Rxf1 Nf5 25. Rxf5 gxf5 26. Qxf5 Qxf5 27. Bxf5 Rb8 28. a4 Bf6 29. g4 e4 30. Kg2 Bc3 31. Kf2 Bb4 32. Bxe4 Rf8+ 33. Bf5 Bc5 34. Kf3 Bxe3 35. Kxe3 Kg7 36. Kf4 h6 37. h4 Re8 38. Be6 Rf8+ 39. Bf5 Kf6 40. Be6 Re8 41. Ke4 Re7 42. Kf4 Rg7 43. Bf5 Rg8 44. Be6 Rf8 45. Bf5 Kg7 46. Ke4 Rf7 47. Kf4 Re7 48. Be6 Re8 49. Ke4 Kf6 50. Kf4 Rb8 51. Bf5 Rb7 52. Be6 h5 53. g5+ Kg6 54. Bf5+ Kg7 55. Be6 Re7 56. Kf5 Re8 57. Kf4 Rf8+ 58. Bf5 Rf7 59. Ke4 Re7+ 60. Be6 Re8 61. Kf4 Rd8 62. Bf5 Kf7 63. Be6+ Ke7 64. Bf5 Rf8 65. Ke4 Kf7 66. Kf4 Re8 67. Be6+ Kg6 68. Bf5+ Kg7 69. Be6 1/2-1/2


[Site "https://www.chess.com"]

[Event "Titled Tuesday Blitz August 16 Early 2022"]
[White "Gubajdullin, Alexei"]
[Black "Mitrabha, Guha"]
[WhiteFideId "4141202"]
[BlackFideId "5057000"]
[WhiteElo "2214"]
[BlackElo "2499"]
[Result "0-1"]
[Round "02"]
[TimeControl "180+2"]
[Date "2022.08.18"]
[WhiteClock "0:00:00"]
[BlackClock "0:00:00"]

1. Nf3 c5 2. c4 g6 3. g3 Bg7 4. Bg2 Nc6 5. O-O e6 6. e3 Nge7 7. d4 d6 8. Nc3 O-O 9. d5 exd5 10. cxd5 Ne5 11. Nxe5 Bxe5 12. e4 Rb8 13. Bh6 Re8 14. a4 a6 15. Qd2 b5 16. axb5 axb5 17. f4 Bh8 18. Ra7 b4 19. Ne2 c4 20. Rfa1 c3 21. bxc3 bxc3 22. Nxc3 Rb3 23. R7a3 Bxc3 24. Qe3 Nf5 25. Qc1 Bd4+ 26. Kh1 Rxa3 27. Rxa3 Nxh6 28. f5 Ng4 29. h3 Ne3 30. Rxe3 Bxe3 31. Qxe3 Bxf5 32. Qf4 Bc8 33. h4 Re5 34. Qf2 Qe7 35. Qb6 Kg7 36. Qb2 h5 37. Kh2 Bg4 38. Qc3 Qf6 39. Qb4 Re7 40. Qa3 Rb7 41. Qa6 Rb2 42. Qa7 Bf3 0-1


[Site "https://www.chess.com"]

[Event "Titled Tuesday Blitz August 16 Early 2022"]
[White "Gubanov, Oleg"]
[Black "Olivares Olivares, Claudio"]
[WhiteFideId "14115115"]
[BlackFideId "3400786"]
[WhiteElo "2080"]
[BlackElo "2249"]
[Result "1-0"]
[Round "02"]
[TimeControl "180+2"]
[Date "2022.08.18"]
[WhiteClock "0:00:00"]
[BlackClock "0:00:00"]

1. d4 Nf6 2. Nc3 c5 3. d5 e6 4. e4 exd5 5. exd5 d6 6. Be2 a6 7. a4 g6 8. Nf3 Bg7 9. h3 O-O 10. O-O b6 11. Nd2 Bb7 12. Nc4 Ne8 13. Bf4 Qc7 14. Qd3 Nd7 15. Qg3 Ne5 16. Rfe1 f6 17. h4 Rd8 18. Rad1 Bc8 19. h5 Bf5 20. Ne3 Qc8 21. Bxe5 fxe5 22. Nxf5 Qxf5 23. Bg4 Qxc2 24. Re2 Qb3 25. Be6+ Kh8 26. hxg6 Rf4 27. gxh7 Nf6 28. Qg5 Rf8 29. Rd3 Nxh7 30. Rh3 R4f6 31. Bf5 Rxf5 32. Qg6 Bh6 33. Rxh6 R5f7 34. Qxd6 b5 35. Rxe5 Qxb2 36. Reh5 Qxc3 37. Rxh7+ Rxh7 38. Qxf8# 1-0


[Site "https://www.chess.com"]

[Event "Titled Tuesday Blitz August 16 Early 2022"]
[White "Guz, Ari"]
[Black "Grandelius, Nils"]
[WhiteFideId "2825759"]
[BlackFideId "1710400"]
[WhiteElo "1913"]
[BlackElo "2617"]
[Result "0-1"]
[Round "02"]
[TimeControl "180+1"]
[Date "2022.08.16"]
[WhiteClock "0:02:02"]
[BlackClock "0:01:31"]

1. e4 c5 2. Nf3 d6 3. c3 Nf6 4. Be2 Nbd7 5. Qc2 Qc7 6. O-O b6 7. a4 a6 8. d3 g6 9. Na3 Bg7 10. Bf4 O-O 11. Rfe1 e5 12. Be3 d5 13. exd5 Nxd5 14. Nc4 Bb7 15. Bd2 Rad8 16. Bf1 Rfe8 17. g3 Nxc3 18. Nfxe5 Nxe5 19. Nxe5 Bxe5 20. bxc3 Qc6 21. f3 Qxf3 0-1


[Site "https://www.chess.com"]

[Event "Titled Tuesday Blitz August 16 Early 2022"]
[White "Harshavardhan G B"]
[Black "Omariev, Maksim"]
[WhiteFideId "25059009"]
[BlackFideId "4193423"]
[WhiteElo "1890"]
[BlackElo "2304"]
[Result "1-0"]
[Round "02"]
[TimeControl "180+2"]
[Date "2022.08.18"]
[WhiteClock "0:00:00"]
[BlackClock "0:00:00"]

1. d4 d5 2. c4 e6 3. Nf3 Nf6 4. g3 Be7 5. Bg2 O-O 6. O-O dxc4 7. Qc2 a6 8. a4 Nc6 9. Qxc4 Nb4 10. Nc3 b5 11. Qb3 bxa4 12. Qxa4 Bb7 13. Bf4 Nfd5 14. Bd2 Nb6 15. Qd1 c5 16. Na4 cxd4 17. Qb3 Bd5 18. Qd1 Nc6 19. Bf4 Bf6 20. Nc5 e5 21. Bc1 Qe7 22. Na4 Rab8 23. Nd2 Bxg2 24. Kxg2 e4 25. Qc2 Nb4 26. Qxe4 Rfe8 27. Nxb6 Rxb6 28. Qxe7 Rxe7 29. Nc4 Rc6 30. Na5 Rc5 31. Bd2 Nc2 32. Rac1 Rxe2 33. Nb3 Rc4 34. Kf3 d3 35. Rfd1 Bxb2 36. Rb1 Bf6 37. Na5 Rc8 38. Kg2 g6 39. Bh6 Rd8 40. Nc6 Rde8 41. Rxd3 Ne3+ 42. Bxe3 Rc2 43. Nb4 Rb2 44. Rxb2 Bxb2 45. Nxa6 Bf6 46. Nc7 Rf8 47. Nd5 Bg7 48. Bc5 Ra8 49. Ne7+ Kh8 50. Rd7 h5 51. Bd4 Bxd4 52. Rxd4 Kg7 53. Nd5 Ra2 54. Rd3 Ra5 55. Nf4 Rf5 56. h4 Kh6 57. Kf3 g5 58. hxg5+ Kxg5 59. Ke4 f6 60. Nh3+ Kg4 61. f3+ Kxg3 62. Kxf5 Kxh3 63. Kxf6 h4 64. Kg5 Kg3 65. f4+ Kg2 66. Kxh4 1-0


[Site "https://www.chess.com"]

[Event "Titled Tuesday Blitz August 16 Early 2022"]
[White "Hess, Robert"]
[Black "Maiorov, Nikita"]
[WhiteFideId "2022036"]
[BlackFideId "13501720"]
[WhiteElo "2557"]
[BlackElo "2409"]
[Result "1-0"]
[Round "02"]
[TimeControl "180+1"]
[Date "2022.08.16"]
[WhiteClock "0:01:29"]
[BlackClock "0:00:09"]

1. b3 d5 2. Bb2 e6 3. d3 Nf6 4. Nd2 c5 5. h3 Be7 6. g4 O-O 7. Bg2 Nc6 8. e3 b6 9. Ne2 Bb7 10. Ng3 Nd7 11. Nh5 Nf6 12. Nxg7 Kxg7 13. g5 Kg8 14. Rg1 Nd7 15. Qh5 Re8 16. Bxd5 Nd4 17. Bxb7 Nxc2+ 18. Kd1 Rb8 19. g6 fxg6 20. Rxg6+ 1-0


[Site "https://www.chess.com"]

[Event "Titled Tuesday Blitz August 16 Early 2022"]
[White "Ingebretsen, Jens E"]
[Black "Yurasova, Daria"]
[WhiteFideId "1522965"]
[BlackFideId "34146919"]
[WhiteElo "2036"]
[BlackElo "2021"]
[Result "1-0"]
[Round "02"]
[TimeControl "180+2"]
[Date "2022.08.18"]
[WhiteClock "0:00:00"]
[BlackClock "0:00:00"]

1. d4 d5 2. c4 dxc4 3. Nf3 Nf6 4. e3 e6 5. Bxc4 a6 6. O-O b5 7. Be2 Bb7 8. a4 b4 9. Nbd2 Nbd7 10. Nc4 c5 11. b3 Be7 12. Bb2 O-O 13. Nfe5 Rc8 14. f4 Qc7 15. Rc1 Nd5 16. Qd2 N7f6 17. Bd3 Rfd8 18. f5 exf5 19. Bxf5 Rb8 20. e4 Nc3 21. Bxc3 bxc3 22. Qxc3 cxd4 23. Qh3 Bc5 24. Bxh7+ Nxh7 25. Rxf7 d3+ 26. Kh1 d2 27. Rd1 Qc8 28. Rxg7+ Kxg7 29. Qg3+ Kf8 30. Rf1+ Ke7 31. Qg7+ Ke6 32. Qf7# 1-0


[Site "https://www.chess.com"]

[Event "Titled Tuesday Blitz August 16 Early 2022"]
[White "Jiganchine, Roman"]
[Black "Golubev, Mikhail"]
[WhiteFideId "2603667"]
[BlackFideId "14100983"]
[WhiteElo "2205"]
[BlackElo "2374"]
[Result "0-1"]
[Round "02"]
[TimeControl "180+2"]
[Date "2022.08.18"]
[WhiteClock "0:00:00"]
[BlackClock "0:00:00"]

1. Nf3 d6 2. c4 g6 3. Nc3 Bg7 4. e4 Nf6 5. d4 O-O 6. Be2 e5 7. O-O Nc6 8. d5 Ne7 9. b4 Ne8 10. c5 f5 11. Ng5 h6 12. Ne6 Bxe6 13. dxe6 fxe4 14. Bc4 Kh7 15. Be3 c6 16. cxd6 Nxd6 17. Bb3 Nef5 18. b5 Nd4 19. bxc6 bxc6 20. Qg4 h5 21. Qh3 Qe7 22. Rad1 Rae8 23. Na4 N6f5 24. Kh1 Nxe6 25. Bxe6 Qxe6 26. Nc5 Qxa2 27. Nd7 Rf7 28. Nc5 Nxe3 29. fxe3 Rxf1+ 30. Rxf1 Qc4 31. Rg1 Qxc5 32. Qd7 Re7 33. Qc8 Qxe3 34. h3 Rf7 35. Rd1 Qf2 36. Rb1 e3 0-1


[Site "https://www.chess.com"]

[Event "Titled Tuesday Blitz August 16 Early 2022"]
[White "Johnson, Ben"]
[Black "Arslanov, Shamil"]
[WhiteFideId "2010917"]
[BlackFideId "4192826"]
[WhiteElo "2050"]
[BlackElo "2338"]
[Result "0-1"]
[Round "02"]
[TimeControl "180+2"]
[Date "2022.08.18"]
[WhiteClock "0:00:00"]
[BlackClock "0:00:00"]

1. Nf3 Nc6 2. d4 d5 3. c4 Bg4 4. cxd5 Bxf3 5. gxf3 Qxd5 6. e3 e5 7. Nc3 Bb4 8. dxe5 Qxe5 9. Bd2 O-O-O 10. Qc2 Nd4 11. Qd1 Nf6 12. f4 Qe6 13. Bg2 Nf5 14. Qf3 c6 15. Bh3 Kb8 16. a3 Nd4 17. Qg2 Nc2+ 18. Kd1 Qb3 19. Ke2 Qc4+ 20. Kf3 Rxd2 21. axb4 Nxa1 22. Rxa1 Rxb2 23. Qxg7 Qxc3 24. Qxh8+ Kc7 25. Qg7 Kb6 26. Qxf7 Nd5 27. Qf5 Qd2 0-1


[Site "https://www.chess.com"]

[Event "Titled Tuesday Blitz August 16 Early 2022"]
[White "Kaasen, Tor Fredrik"]
[Black "Popilski, Gil"]
[WhiteFideId "1516647"]
[BlackFideId "2809060"]
[WhiteElo "2335"]
[BlackElo "2537"]
[Result "0-1"]
[Round "02"]
[TimeControl "180+1"]
[Date "2022.08.16"]
[WhiteClock "0:00:06"]
[BlackClock "0:00:02"]

1. d4 Nf6 2. c4 e6 3. Nc3 Bb4 4. f3 d5 5. a3 Be7 6. e4 dxe4 7. fxe4 c5 8. d5 exd5 9. exd5 O-O 10. Nf3 Bg4 11. Be2 a6 12. O-O Bxf3 13. Bxf3 Bd6 14. Kh1 Nbd7 15. Bg5 Qc7 16. g3 Rae8 17. Qd2 Be5 18. Rac1 h6 19. Be3 Bd6 20. Bg1 Ne5 21. Be2 Qd7 22. Rxf6 gxf6 23. Qxh6 f5 24. Rf1 f6 25. Qh3 Ng4 26. Rxf5 Qxf5 27. Bxg4 Qg6 28. Bf5 Qf7 29. Be6 Rxe6 30. Qg4+ Kh8 31. dxe6 Qh7 32. Nd5 Rg8 33. Qf3 Rxg3 34. Qxf6+ Rg7 35. Qd8+ Rg8 36. Qf6+ Rg7 37. Qf3 Qg6 38. Qh3+ Rh7 39. Qf3 Rg7 40. Qh3+ Kg8 41. Qf1 Qe4+ 0-1


[Site "https://www.chess.com"]

[Event "Titled Tuesday Blitz August 16 Early 2022"]
[White "Kamsky, Gata"]
[Black "Diaz Perez, Michel Alejandro"]
[WhiteFideId "2000024"]
[BlackFideId "3517179"]
[WhiteElo "2666"]
[BlackElo "2313"]
[Result "1/2-1/2"]
[Round "02"]
[TimeControl "180+1"]
[Date "2022.08.16"]
[WhiteClock "0:00:13"]
[BlackClock "0:00:21"]

1. e4 d6 2. d4 Nf6 3. Nc3 Nbd7 4. Nf3 e5 5. Bc4 Be7 6. O-O O-O 7. Re1 c6 8. a4 h6 9. b3 Re8 10. Bb2 Bf8 11. a5 exd4 12. Qxd4 Ne5 13. Nxe5 dxe5 14. Qxd8 Rxd8 15. Red1 Re8 16. f3 Be6 17. Bxe6 Rxe6 18. Ne2 Rae8 19. Kf1 Rd6 20. Rxd6 Bxd6 21. Nc1 a6 22. Nd3 Kf8 23. Rd1 Nd7 24. Bc1 Ke7 25. Be3 Ke6 26. Ke2 f6 27. Nb2 Bc7 28. Nc4 Rd8 29. g4 Nf8 30. Rh1 Ng6 31. h4 Nf4+ 32. Bxf4 exf4 33. h5 Be5 34. Rd1 Rxd1 35. Kxd1 Bc7 36. Ke2 Bd8 37. Kd3 Bc7 38. Kd4 Bd6 39. Nxd6 Kxd6 40. b4 Ke6 41. Kc5 Kd7 42. Kb6 Kc8 43. c4 Kb8 44. b5 cxb5 45. cxb5 axb5 46. Kxb5 Ka7 47. Ka4 Ka6 48. Kb4 b6 49. axb6 Kxb6 50. Kc4 Kc6 51. Kd4 Kd6 52. Kc4 Kc6 53. Kd4 Kd6 54. Kc4 Kc6 1/2-1/2


[Site "https://www.chess.com"]

[Event "Titled Tuesday Blitz August 16 Early 2022"]
[White "Karaev, Seit-Amet"]
[Black "Santos Ruiz, Miguel"]
[WhiteFideId "4169549"]
[BlackFideId "22291482"]
[WhiteElo "2272"]
[BlackElo "2478"]
[Result "0-1"]
[Round "02"]
[TimeControl "180+2"]
[Date "2022.08.18"]
[WhiteClock "0:00:00"]
[BlackClock "0:00:00"]

1. e4 c5 2. Nf3 Qc7 3. Nc3 e6 4. d4 cxd4 5. Nxd4 a6 6. a3 b5 7. Be3 Bb7 8. f3 Nf6 9. Qd2 Nc6 10. O-O-O b4 11. axb4 Bxb4 12. Kb1 O-O 13. g4 Rfc8 14. g5 Nh5 15. Nb3 Ne5 16. f4 Bxc3 17. bxc3 Nc4 18. Bxc4 Qxc4 19. Rhe1 Bxe4 20. Kb2 a5 21. Qd4 a4 22. Qxc4 Rxc4 23. Nd4 a3+ 24. Ka1 Bd5 25. Bd2 f6 26. h4 Kf7 27. Rb1 Ng3 28. Re3 Ne4 29. Be1 Kg6 30. Rb4 Rac8 31. gxf6 Kxf6 32. Ra4 Rxa4 33. Rg3 Nxg3 34. Bxg3 Rxc3 35. Be1 Re3 36. Bd2 Rxd4 37. Bc3 Re1+ 38. Bxe1 Rd1# 0-1


[Site "https://www.chess.com"]

[Event "Titled Tuesday Blitz August 16 Early 2022"]
[White "Karimov, Alisher"]
[Black "Lagno, Kateryna"]
[WhiteFideId "14700280"]
[BlackFideId "14109336"]
[WhiteElo "2186"]
[BlackElo "2522"]
[Result "0-1"]
[Round "02"]
[TimeControl "180+2"]
[Date "2022.08.18"]
[WhiteClock "0:00:00"]
[BlackClock "0:00:00"]

1. d4 Nf6 2. c4 g6 3. Nc3 d5 4. cxd5 Nxd5 5. e4 Nxc3 6. bxc3 Bg7 7. Be3 c5 8. Nf3 Qa5 9. Qd2 cxd4 10. cxd4 Qxd2+ 11. Kxd2 O-O 12. Rc1 Nc6 13. Bc4 Rd8 14. d5 Na5 15. Bd3 e6 16. Bg5 f6 17. Bf4 e5 18. Be3 Bf8 19. Ke2 Bd7 20. h4 h6 21. Bd2 b6 22. Rc2 Nb7 23. Rb1 Nc5 24. Be3 Nxd3 25. Kxd3 f5 26. Nxe5 fxe4+ 27. Ke2 Bf5 28. g4 Bc8 29. Rg1 Ba6+ 30. Ke1 Rxd5 31. Nxg6 Bb4+ 32. Bd2 Rad8 33. Nf4 Bxd2+ 34. Rxd2 Rxd2 0-1


[Site "https://www.chess.com"]

[Event "Titled Tuesday Blitz August 16 Early 2022"]
[White "Kohler, Aran"]
[Black "Korelskiy, Egor"]
[WhiteFideId "1002856"]
[BlackFideId "34329064"]
[WhiteElo "2060"]
[BlackElo "2077"]
[Result "0-1"]
[Round "02"]
[TimeControl "180+2"]
[Date "2022.08.18"]
[WhiteClock "0:00:00"]
[BlackClock "0:00:00"]

1. Nf3 d5 2. d4 e6 3. Bf4 Nf6 4. e3 c5 5. c3 Nc6 6. Nbd2 Bd6 7. Bg3 O-O 8. Bd3 Qe7 9. Ne5 Nd7 10. Nxc6 bxc6 11. Qh5 g6 12. Qh6 e5 13. Bh4 f6 14. O-O Qf7 15. Bg3 Re8 16. e4 cxd4 17. cxd4 Bf8 18. Qe3 Bb7 19. Nb3 dxe4 20. Bxe4 exd4 21. Qxd4 c5 22. Bxb7 cxd4 23. Bxa8 Rxa8 24. Nxd4 Bc5 25. Nb3 Bb6 26. Rfd1 Re8 27. h4 Ne5 28. Re1 Nd3 29. Rxe8+ Qxe8 30. Rd1 Qe2 31. Rd2 Qe1+ 32. Kh2 Bxf2 33. Rxd3 Bxg3+ 34. Rxg3 Qf2 35. h5 Kg7 36. hxg6 hxg6 37. Nc5 Qxc5 38. Ra3 Qe5+ 39. Kg1 a5 40. Rb3 a4 41. Rb7+ Kh6 42. a3 f5 43. Rb4 Qe1+ 44. Kh2 Qd1 45. Rc4 Kg5 46. Rc3 Qd2 47. Rf3 Qxb2 48. Kh1 f4 49. Kh2 Kf5 50. Rh3 g5 51. Rd3 g4 52. Rd5+ Ke4 53. Rg5 g3+ 54. Kh3 Qh8+ 55. Kg4 Qc8+ 56. Kh4 Qc2 0-1


[Site "https://www.chess.com"]

[Event "Titled Tuesday Blitz August 16 Early 2022"]
[White "Kononenko, Dmitry"]
[Black "Ozates, Tuna"]
[WhiteFideId "14113538"]
[BlackFideId "6354521"]
[WhiteElo "2129"]
[BlackElo "1887"]
[Result "1-0"]
[Round "02"]
[TimeControl "180+2"]
[Date "2022.08.18"]
[WhiteClock "0:00:00"]
[BlackClock "0:00:00"]

1. e4 c5 2. Nf3 Nc6 3. d4 cxd4 4. Nxd4 e5 5. Nb5 d6 6. N1c3 a6 7. Na3 b5 8. Nd5 Nge7 9. Ne3 Be6 10. c4 b4 11. Nac2 g6 12. g3 Bg7 13. Bg2 O-O 14. O-O f5 15. exf5 gxf5 16. Nd5 e4 17. Nce3 Rb8 18. Rb1 Ng6 19. b3 f4 20. gxf4 Nxf4 21. Bxe4 Nd4 22. Bb2 Qh4 23. Nxf4 Qxf4 24. Bg2 Be5 25. Qh5 Rf6 26. Bxd4 Rh6 27. Bxe5 dxe5 28. Qxh6 Qxh6 29. Rbd1 Kf7 30. Rd6 Rg8 31. Kh1 Rg5 32. Rfd1 Rh5 33. Kg1 Qf4 34. Bd5 Qxh2+ 35. Kf1 Bxd5 36. R6xd5 Qh1+ 37. Ke2 Qe4 38. Rd7+ Kg6 39. R1d6+ Kg5 40. Rg7+ Kh4 41. Rg4+ Qxg4+ 42. Nxg4 Kxg4 43. Rxa6 Kf4 44. Ra4 Rg5 45. c5 h5 46. Rxb4+ e4 47. c6 Rc5 48. Rc4 1-0


[Site "https://www.chess.com"]

[Event "Titled Tuesday Blitz August 16 Early 2022"]
[White "Korsunsky, Yuri"]
[Black "Rustemov, Alexander"]
[WhiteFideId "14102722"]
[BlackFideId "4119002"]
[WhiteElo "2394"]
[BlackElo "2525"]
[Result "0-1"]
[Round "02"]
[TimeControl "180+2"]
[Date "2022.08.18"]
[WhiteClock "0:00:00"]
[BlackClock "0:00:00"]

1. e4 e6 2. d4 d5 3. exd5 exd5 4. Bd3 Nc6 5. c3 Bd6 6. h3 Qf6 7. Qf3 Qxf3 8. Nxf3 Nge7 9. O-O Bf5 10. Bxf5 Nxf5 11. Re1+ Kd7 12. Bd2 Rhe8 13. Na3 Bxa3 14. bxa3 f6 15. g4 Nd6 16. Bf4 Nc4 17. a4 b6 18. h4 Nb2 19. Bd2 Nxa4 20. g5 Nb2 21. Kg2 Nc4 22. Kg3 Nd6 23. Kg4 Ne4 24. Rf1 f5+ 25. Kxf5 Rf8+ 26. Kg4 Rxf3 0-1


[Site "https://www.chess.com"]

[Event "Titled Tuesday Blitz August 16 Early 2022"]
[White "Krsnik Cohar, Ivan Vihor"]
[Black "Mamedov, Rauf"]
[WhiteFideId "14520044"]
[BlackFideId "13401653"]
[WhiteElo "2414"]
[BlackElo "2666"]
[Result "0-1"]
[Round "02"]
[TimeControl "180+1"]
[Date "2022.08.16"]
[WhiteClock "0:00:16"]
[BlackClock "0:01:40"]

1. e4 c5 2. Ne2 d6 3. g3 h5 4. h4 Nf6 5. Bg2 Nc6 6. c3 Bg4 7. f3 Bd7 8. d4 g6 9. Be3 cxd4 10. cxd4 Bg7 11. Nbc3 O-O 12. Qd2 Rc8 13. Rc1 Qa5 14. O-O a6 15. b3 Na7 16. Rfd1 Nb5 17. e5 Nh7 18. Nd5 Qd8 19. a4 Nc7 20. Nb6 Rb8 21. f4 Bg4 22. Rc2 Ne6 23. a5 Bh6 24. Rdc1 Ng7 25. Qb4 Nf5 26. Bf2 e6 27. Rc8 Rxc8 28. Rxc8 Qe7 29. d5 Bxe2 0-1


[Site "https://www.chess.com"]

[Event "Titled Tuesday Blitz August 16 Early 2022"]
[White "Lazavik, Denis"]
[Black "Khabinets, Ivan"]
[WhiteFideId "13515110"]
[BlackFideId "14115980"]
[WhiteElo "2437"]
[BlackElo "2114"]
[Result "1-0"]
[Round "02"]
[TimeControl "180+1"]
[Date "2022.08.16"]
[WhiteClock "0:00:22"]
[BlackClock "0:00:38"]

1. d4 d5 2. c4 e6 3. Nc3 a6 4. cxd5 exd5 5. Nf3 Nf6 6. Bg5 Be6 7. e3 Bd6 8. Bd3 O-O 9. h3 Nbd7 10. Qc2 h6 11. Bf4 Qe7 12. O-O Rac8 13. Rac1 c6 14. Na4 b5 15. Bxd6 Qxd6 16. Nc5 Nxc5 17. Qxc5 Qxc5 18. Rxc5 Nd7 19. Rc2 c5 20. dxc5 Rxc5 21. Rfc1 Rfc8 22. Nd4 Rxc2 23. Rxc2 Rxc2 24. Bxc2 Kf8 25. b4 Ne5 26. Kf1 Ke7 27. Ke2 Bd7 28. Kd2 g6 29. Kc3 Kd6 30. Nb3 Bc8 31. Bd1 Nc6 32. Be2 Ke5 33. Bd3 h5 34. h4 Kd6 35. Nd4 Ne5 36. Be2 Bg4 37. f3 Bc8 38. Nb3 Nc6 39. a3 Ke5 40. g3 Kd6 41. Nc5 Ne5 42. a4 bxa4 43. Nxa4 Bd7 44. Nc5 Bb5 45. Bd1 Nc4 46. Kd4 Ne5 47. g4 Nc6+ 48. Kc3 hxg4 49. fxg4 Ke5 50. h5 gxh5 51. gxh5 Kf5 52. Bf3 Bc4 53. e4+ Kf4 54. exd5 Ne5 55. h6 Kxf3 56. h7 Ng6 57. Kxc4 Ne5+ 58. Kc3 1-0


[Site "https://www.chess.com"]

[Event "Titled Tuesday Blitz August 16 Early 2022"]
[White "Lebedev, Artem S."]
[Black "Navalgund, Niranjan"]
[WhiteFideId "34272747"]
[BlackFideId "5030854"]
[WhiteElo "1699"]
[BlackElo "2294"]
[Result "0-1"]
[Round "02"]
[TimeControl "180+2"]
[Date "2022.08.18"]
[WhiteClock "0:00:00"]
[BlackClock "0:00:00"]

1. e4 d5 2. exd5 c6 3. dxc6 e5 4. Nc3 Bc5 5. Nf3 Nxc6 6. Bc4 Nf6 7. h3 e4 8. Ng5 Bxf2+ 9. Kf1 O-O 10. Ngxe4 Nxe4 11. Nxe4 Bb6 12. d3 Ne5 13. Bb3 Bf5 14. Bg5 Qd4 15. Qe2 Rae8 16. Re1 Kh8 17. Be3 Qxe3 18. Qxe3 Bxe3 19. Rxe3 Nc6 20. Kf2 Bg6 21. Rhe1 f5 22. Ng5 Rxe3 23. Rxe3 f4 24. Re1 h6 25. Nf3 Rf6 26. Ne5 Nd4 27. Nxg6+ Rxg6 28. Re8+ Kh7 29. Bg8+ Kh8 30. Bf7+ Kh7 31. Bxg6+ Kxg6 32. c3 Nc6 33. Re4 Kg5 34. h4+ Kf5 35. Re8 g5 36. hxg5 hxg5 37. Rf8+ Kg6 38. Rg8+ Kf5 39. Rg7 b6 40. Rc7 Ne5 41. Rxa7 Nxd3+ 42. Kf1 Nxb2 43. Ra6 b5 44. Ra5 Nd1 45. Rxb5+ Kg4 46. Rc5 Ne3+ 47. Kf2 Kh4 48. Re5 Ng4+ 49. Kf3 Nxe5+ 50. Ke4 Nc4 51. a4 Kh5 52. Kf3 Kg6 53. g3 Kf5 54. gxf4 gxf4 0-1


[Site "https://www.chess.com"]

[Event "Titled Tuesday Blitz August 16 Early 2022"]
[White "Legenia, Artem"]
[Black "Siniauski, Artsiom"]
[WhiteFideId "14136945"]
[BlackFideId "13512269"]
[WhiteElo "1936"]
[BlackElo "2139"]
[Result "0-1"]
[Round "02"]
[TimeControl "180+2"]
[Date "2022.08.18"]
[WhiteClock "0:00:00"]
[BlackClock "0:00:00"]

1. d4 Nf6 2. Nf3 b6 3. Bf4 Bb7 4. e3 g6 5. Bd3 Bg7 6. h3 O-O 7. Nbd2 d6 8. Qe2 Nbd7 9. O-O Qe8 10. Bh2 e5 11. dxe5 dxe5 12. e4 Qe7 13. c3 Nh5 14. Rad1 Nc5 15. Bc2 a5 16. Rfe1 Rad8 17. Nf1 Nf4 18. Bxf4 exf4 19. b4 axb4 20. Rxd8 Rxd8 21. cxb4 Ne6 22. a3 c5 23. bxc5 Qxc5 24. Rb1 Nd4 25. Nxd4 Bxd4 26. a4 Ba6 27. Qxa6 Qxc2 28. Qb5 Qxf2+ 29. Kh2 Qg1# 0-1


[Site "https://www.chess.com"]